 Dungeon Crawl Stone Soup version 0.17-a0-1515-gfae3d72 (webtiles) character file.

133 amnekian the Twirler (level 5, 0/30 HPs)
             Began as a Tengu Gladiator on July 12, 2015.
             Was a Follower of Trog.
             Succumbed to Terence's poison
             ... on level 2 of the Dungeon.
             The game lasted 00:11:34 (3170 turns).

amnekian the Twirler (Tengu Gladiator)              Turns: 3170, Time: 00:11:34

Health: 0/30       AC:  8    Str: 16    XL:     5   Next: 16%
Magic:  6/6        EV:  7    Int:  8    God:    Trog [*.....]
Gold:   90         SH:  0    Dex: 15    Spells: 0 memorised, 4 levels left

rFire  + . .     SeeInvis .     a - +0 quarterstaff
rCold  + . .     Clarity  .     v - +0 chain mail
rNeg   . . .     SustAt   .     (no shield)
rPois  +         Gourm    .     c - +0 hat
rElec  +         Spirit   .     (no cloak)
rCorr  +         Warding  .     (no gloves)
rMut   .         Stasis   .     (boots unavailable)
MR     .....                    (no amulet)
Stlth  ..........               (no ring)
                                (no ring)

@: lethally poisoned (0 -> -9), exhausted, resistant, slowed, very slow, not
resistant to hostile enchantments, extremely unstealthy
A: beak, talons 3, able to fly 1
a: Fly, Burn Spellbooks, Berserk, Renounce Religion


You were on level 2 of the Dungeon.
You worshipped Trog.
Trog was aware of your devotion.
You were very hungry.

You visited 1 branch of the dungeon, and saw 3 of its levels.

You collected 90 gold pieces.

Inventory:

Hand weapons
 a - a +0 quarterstaff (weapon)
Missiles
 d - 3 throwing nets
 m - 89 stones (quivered)
Armour
 b - a +0 leather armour
 c - a +0 hat (worn)
 j - a +0 ring mail
 v - a +0 chain mail (worn)
Scrolls
 f - 2 scrolls of noise {unknown}
 h - 2 scrolls of teleportation {unknown}
 k - a scroll of recharging {unknown}
 p - a scroll of fog {unknown}
 q - 2 scrolls of remove curse {unknown}
 u - 2 scrolls of identify {unknown}
 w - a scroll of magic mapping {unknown}
 x - a scroll of amnesia {unknown}
Potions
 g - a potion of flight {unknown}
 i - a potion of brilliance {unknown}
 n - a potion of curing {unknown}
 s - a potion of resistance
 t - a potion of poison {unknown}
Comestibles
 e - 3 bread rations
 l - a slice of pizza
 o - 3 meat rations
 r - 5 chunks of flesh


   Skills:
 - Level 2.0 Fighting
 * Level 6.2 Staves
 - Level 2.1 Throwing
 - Level 3.2 Dodging


You had 4 spell levels left.
You didn't know any spells.

Dungeon Overview and Level Annotations

Branches:
Dungeon (3/15)

Altars:
Trog

Annotations:
D:3 Natasha, Sigmund, Terence


Innate Abilities, Weirdness & Mutations

You have a beak for a mouth.
You have claws for feet.
You can fly.


Message History

You feel your anger subside.
You are no longer berserk.
You are exhausted.
You feel yourself slow down.
You are feeling very hungry.
You feel sick.
There is a stone staircase leading up here.
Terence hits you with a short sword of venom.
* * * LOW HITPOINT WARNING * * *
You are more poisoned.
You climb upwards.
* * * LOW HITPOINT WARNING * * *
You feel sick.
There is a stone staircase leading down here.
* * * LOW HITPOINT WARNING * * *
You feel sick.
Drink which item? (? for menu, Esc to quit)
It was a potion of resistance.
You feel protected.
You die...

....# ###
#################.#
..................#
#################.#
#.# #.# # #.#
#################.#
................@>#
##...#####.########
##...# #.# #....#
#.# #....# #.#
#...## #.# #...#
#.# #...# #.# ....#
#.#


There were no monsters in sight!

Vanquished Creatures
  5 adders (D:2)
  An ooze (D:2)
  3 worms
  2 giant geckos
  3 goblins
  8 hobgoblins
  15 jackals
  2 quokkas (D:2)
  7 bats
  4 giant cockroaches
  5 giant newts
  7 kobolds
  9 rats
71 creatures vanquished.

Notes
Turn   | Place    | Note
--------------------------------------------------------------
     0 | D:1      | amnekian the Tengu Gladiator began the quest for the Orb.
     0 | D:1      | Reached XP level 1. HP: 12/12 MP: 2/2
   112 | D:1      | Reached XP level 2. HP: 2/17 MP: 3/3
   489 | D:1      | Reached skill level 4 in Staves
  1224 | D:1      | Reached XP level 3. HP: 21/21 MP: 4/4
  1660 | D:2      | Reached skill level 5 in Staves
  1942 | D:2      | Reached XP level 4. HP: 26/26 MP: 5/5
  1976 | D:2      | Found a bloodstained altar of Trog.
  1984 | D:2      | Became a worshipper of Trog the Wrathful
  2335 | D:2      | Found a faded altar to an unknown god.
  2697 | D:2      | Acquired Trog's first power
  2870 | D:3      | Noticed Sigmund
  2949 | D:3      | Reached skill level 6 in Staves
  2977 | D:3      | Noticed Natasha
  2984 | D:3      | Noticed Terence
  3057 | D:2      | Gained mutation: You can fly. [Tengu growth]
  3057 | D:2      | Reached XP level 5. HP: 30/30 MP: 6/6
  3169 | D:2      | HP: 1/30 [poisoned by Terence]
  3170 | D:2      | Succumbed to Terence's poison

Vault maps used:
D:1:      minmay_arrival_split_and_join
D:2:      ecumenical_altar_2, trog_book
D:3:      fedhas_altar_3, serial_bayou_pond_a, minivault_14, uniq_terence,
          uniq_natasha, uniq_sigmund

Action                   |  1- 3 |  4- 6 || total
-------------------------+-------+-------++-------
Melee: Quarterstaff      |   113 |    92 ||   205
Throw: Stone             |    11 |       ||    11
Invok: Berserk           |       |     1 ||     1
  Use: Potion            |       |     1 ||     1
 Stab: Sleeping          |     2 |       ||     2
  Eat: Chunk             |     3 |     4 ||     7
